 Dungeon Crawl Stone Soup version 0.29-a0-284-gf9362112df (webtiles) character file.

Game seed: 3667590226695721539

41 gzilladon the Sneak (level 3, -3/16 HPs)
             Began as a Spriggan Enchanter on Mar 24, 2022.
             Killed from afar by Sigmund (11 damage)
             ... with a puff of flame
             ... on level 2 of the Dungeon.
             The game lasted 00:04:34 (1100 turns).

gzilladon the Sneak (Spriggan Enchanter)            Turns: 1100, Time: 00:04:35

Health: -3/16      AC:  2    Str:  4    XL:     3   Next: 32%
Magic:  8/8        EV: 18    Int: 16    God:
Gold:   55         SH:  0    Dex: 17    Spells: 8/8 levels left

rFire   . . .      SeeInvis +   o - +2 short sword (vamp)
rCold   . . .      Faith    .   (no shield)
rNeg    . . .      Spirit   .   b - +0 robe
rPois   .          Reflect  .   (helmet restricted)
rElec   .          Harm     .   (no cloak)
rCorr   .          Rampage  .   (gloves unavailable)
Will    .....                   (boots unavailable)
Stlth   +++.......              (no amulet)
HPRegen 0.05/turn               (no ring)
MPRegen 0.11/turn               (no ring)

@: very quick
A: very small, no large weapons, unfitting armour, see invisible, speed 3
a: no special abilities


You were on level 2 of the Dungeon.
You visited 1 branch of the dungeon, and saw 2 of its levels.

You collected 55 gold pieces.

Inventory:

Hand Weapons
 a - a +1 dagger
 o - a +2 vampiric short sword (weapon)
Missiles
 e - 27 stones (quivered)
 h - 6 silver javelins
Armour
 b - a +0 robe (worn)
Scrolls
 f - a scroll of magic mapping {unknown}
 g - 3 scrolls of blinking {unknown}
 j - a scroll of vulnerability {unknown}
 k - a scroll of brand weapon {unknown}
 n - 3 scrolls of identify {unknown}
 p - a scroll of summoning {unknown}
 q - a scroll of noise {unknown}
Potions
 c - a potion of invisibility
 d - a potion of brilliance {unknown}
 i - a potion of haste
 l - a potion of flight {unknown}
 m - a potion of heal wounds {unknown}
 r - 2 potions of curing {unknown}


   Skills:
 + Level 1.3 Short Blades
 + Level 3.3 Dodging
 + Level 5.4 Stealth
 + Level 3.0 Spellcasting
 + Level 4.0 Hexes


You had 8 spell levels left.
You didn't know any spells.
Your spell library contained the following spells:

 Spells                   Type           Power      Damage    Failure   Level
 Confusing Touch          Hex            15%        N/A       11%         3
 Tukima's Dance           Hex            15%        N/A       11%         3
 Ensorcelled Hibernation  Hex/Ice        16%        N/A       12%         2
 Dazzling Flash           Conj/Hex       16%        N/A       24%         3


Dungeon Overview and Level Annotations

Branches:
Dungeon (2/15)

Altars:

Annotations:
D:2 Sigmund


Innate Abilities, Weirdness & Mutations

You are very small and have problems with some larger weapons.
You are too small for most types of armour.
You have supernaturally acute eyesight. (SInv)
You cover ground extremely quickly. (Speed+++)


Message History

The helpless adder fails to defend itself.
You puncture the adder!
You kill the adder!
Your Hexes skill increases to level 4!
You see here an adder corpse.
A quokka comes into view.
Found a fizzy purple potion.
You hit the quokka.
The quokka is almost dead.
The quokka barely misses you.
You closely miss the quokka.
The quokka is almost dead.
The quokka misses you.
You closely miss the quokka.
The quokka is almost dead.
The quokka completely misses you. The quokka misses you.
You hit the quokka.
You kill the quokka!
r - 2 fizzy purple potions (gained 1)
An endoplasm comes into view.
An endoplasm comes into view.
Found 25 stones.
Found a stone staircase leading up and a stone staircase leading down.
Sigmund and a hobgoblin come into view.
The endoplasm quivers.
The helpless endoplasm fails to defend itself.
You impale the endoplasm!!
You kill the endoplasm!
Sigmund shouts!
The hobgoblin shouts!
The endoplasm barely misses you.
You hit the endoplasm.
The endoplasm is lightly wounded.
Sigmund casts a spell at you. The magic dart hits you! The endoplasm hits you.
You hit the endoplasm.
You feel better.
The endoplasm is almost dead.
Sigmund casts a spell at you. The puff of flame hits you!
Ouch! That really hurt!
You die...

#.# #.# #.# #.# ####
###### #.# ##.... .<...#
#.##...## .....#
######.......##
.....#####......@J.....#
.......<...####........#
.....###...# #....g...#
.....# #...# #.#.....##
.....# #...# #.#....<..
.....# #...## #(........
†....###....###...@....#
.....##......##>.......#
####.##....#...... ...#


You could see Sigmund, an endoplasm and a hobgoblin.

Vanquished Creatures
  An adder (D:2)
  2 dart slugs
  3 ball pythons (D:1)
  2 endoplasms
  3 giant cockroaches (D:1)
  3 hobgoblins (D:1)
  A quokka (D:2)
  3 bats (D:1)
  A frilled lizard (D:1)
  A goblin (D:1)
  3 kobolds (D:1)
  4 rats (D:1)
27 creatures vanquished.

Notes
Turn   | Place    | Note
-------+----------+-------------------------------------------
     0 | D:1      | gzilladon the Spriggan Enchanter began the quest for the
                  | Orb.
     0 | D:1      | Reached XP level 1. HP: 9/9 MP: 5/5
   245 | D:1      | Reached XP level 2. HP: 9/13 MP: 6/6
   381 | D:1      | Reached skill level 5 in Stealth
   952 | D:2      | Reached XP level 3. HP: 11/16 MP: 8/8
  1092 | D:2      | Noticed Sigmund
  1100 | D:2      | Killed from afar by Sigmund

Illustrated notes

Levels and vault maps discovered:
D:1:      dpeg_arrival_erosion, layout_basic, minmay_shallow_snake_nest
D:2:      layout_rooms, hellmonk_ecumenical_altar_leap_of_faith, uniq_sigmund,
          uniq_crazy_yiuf_cottage, uniq_jessica

Skill      XL: |  1  2  3 |
---------------+----------+-----
Dodging        | 3 |  3.3
Stealth        | 5 |  5.4
Spellcasting   | 3 |  3.0
Hexes          | 4 |  4.0
Short Blades   | |  1.3

Action                   || total
-------------------------++-------
Melee: Dagger            ||    62
       Short sword       ||    26
       Punch             ||     2
  Use: Potion            ||     2
 Stab: Sleeping          ||     8
Armor: Robe              ||    13
Dodge: Dodged            ||    74

Table legend: (Time is in decaauts)
 A = Elapsed time spent in this place.
 B = Non-inter-level travel time spent in this place.
 C = Inter-level travel time spent in this place.
 D = Time resting spent in this place.
 E = Time spent auto-exploring this place.
 F = Levels seen in this place.
 G = Mean time per level.
                   A        B        C        D        E       F      G
               +--------+--------+--------+--------+--------+-----+--------+
         Total |    806 |    744 |     62 |    297 |      0 |   2 |  403.0 |
       Dungeon |    806 |    744 |     62 |    297 |      0 |   2 |  403.0 |
               +--------+--------+--------+--------+--------+-----+--------+

Top non-repeatable levels by time:
     D:1: 669 daAuts
     D:2: 137 daAuts
